 Dungeon Crawl Stone Soup version 0.30-b1-2-g02819fbbbe (webtiles) character file.

Game seed: 3567170301849283354

82 Flibulle the Sneak (level 4, -1/21 HPs)
             Began as a Spriggan Enchanter on July 14, 2023.
             Slain by Grinder (6 damage)
             ... on level 3 of the Dungeon.
             The game lasted 00:26:49 (2093 turns).

Flibulle the Sneak (Spriggan Enchanter)             Turns: 2093, Time: 00:26:50

Health: -1/21      AC:  4    Str:  4    XL:     4   Next: 21%
Magic:  8/9        EV: 18    Int: 16    God:
Gold:   110        SH:  0    Dex: 17    Spells: 3/8 levels left

rFire   . . .        g - +0 dagger (freeze)
rCold   . . .        (no shield)
rNeg    . . .        b - +0 robe
rPois   .            j - +2 hat
rElec   .            (no cloak)
rCorr   .            (gloves unavailable)
SInv    +            (boots unavailable)
Will    .....        u - amulet of the acrobat
Stlth   +++          (no ring)
HPRegen 0.23/turn    (no ring)
MPRegen 0.11/turn

%: acrobat
@: very quick
A: very small, no large weapons, unfitting armour, see invisible, speed 3
a: no special abilities


You were on level 3 of the Dungeon.
You visited 1 branch of the dungeon, and saw 3 of its levels.

You collected 110 gold pieces.

Inventory:

Hand Weapons
 a - a +1 dagger
 g - a +0 dagger of freezing (weapon)
 o - a +1 vampiric dagger
 q - a +0 dagger
 r - a +0 dagger
 s - a +0 dagger
 t - a +0 dagger
Missiles
 p - 25 stones
Armour
 b - a +0 robe (worn)
 d - a +0 robe
 j - a +2 hat (worn)
 k - a +0 robe
Jewellery
 u - an amulet of the acrobat (around neck)
Scrolls
 i - 2 scrolls of noise {unknown}
 l - a scroll of blinking {unknown}
 m - a scroll of brand weapon {unknown}
 n - 2 scrolls of teleportation {unknown}
 v - a scroll of identify {unknown}
 w - a scroll of amnesia {unknown}
Potions
 c - 2 potions of invisibility
 f - a potion of curing


   Skills:
 * Level 3.2 Short Blades
 + Level 3.8 Dodging
 + Level 5.4 Stealth
 - Level 2.6 Spellcasting
 - Level 3.6 Hexes


You had 3 spell levels left.
You knew the following spells:

 Your Spells              Type           Power      Damage    Failure   Level
a - Ensorcelled Hibernat  Hex/Ice        14%        N/A       14%         2
b - Confusing Touch       Hex            13%        N/A       13%         3

Your spell library contained the following spells:

 Spells                   Type           Power      Damage    Failure   Level
 Tukima's Dance           Hex            13%        N/A       13%         3
 Dazzling Flash           Conj/Hex       14%        N/A       28%         3


Dungeon Overview and Level Annotations

Branches:
Dungeon (3/15)

Altars:

Annotations:
D:3 Grinder


Innate Abilities, Weirdness & Mutations

You are very small and have problems with some larger weapons.
You are too small for most types of armour.
You have supernaturally acute eyesight. (SInv)
You cover ground extremely quickly. (Speed+++)


Message History

Grinder is almost dead.
Grinder gestures at you.
You struggle to resist.
You hit Grinder but do no damage.
Grinder is almost dead.
Grinder hits you but does no damage.
You hit Grinder.
Grinder is almost dead.
Grinder hits you but does no damage.
You hit Grinder.
Grinder is almost dead.
Grinder gestures at you. You resist with some effort.
You hit Grinder but do no damage.
Grinder is almost dead.
You hit Grinder.
Grinder is almost dead.
Grinder completely misses you.
You hit Grinder but do no damage.
Grinder is almost dead.
Grinder blinks!
Things that are here:
10 gold pieces; a piece from Xom's chessboard (15/15)
You hit Grinder but do no damage.
Grinder is almost dead.
Grinder misses you.
You barely miss Grinder.
Grinder is almost dead.
Grinder hits you.
You writhe in agony.
* * * LOW HITPOINT WARNING * * *
You barely miss Grinder.
Grinder is almost dead.
Grinder says, "Wait up."
Grinder blinks!
You hit Grinder but do no damage.
Grinder is almost dead.
Grinder hits you.
* * * LOW HITPOINT WARNING * * *
You writhe in agony.
You die...

#.<. ##### ##### #...
##...## ##..)## #...
#.....#####.....#####†..
#...............#.......
#.....##'##.....#.......
##...##...##...##.......
##.##.....##.#####.....
#†#.5@....#.# #.#...
#.#...$...#.# #.#...
#†#..§....#.# #.#...
##.##.....##.## #.....
##...##...##..S# ###...
#.....#####....o## #...
#...†...........#.####.#
#.....##'##.... #.#....#
##...###.# . #...####


You could see Grinder.

Vanquished Creatures
  2 adders (D:3)
  A worm (D:2)
  4 bats
  9 endoplasms
  A giant cockroach (D:3)
  3 goblins
  9 hobgoblins
  3 jackals (D:1)
  4 quokkas
  6 ball pythons
  3 frilled lizards
  5 kobolds
  4 rats
54 creatures vanquished.

Notes
Turn   | Place    | Note
-------+----------+-------------------------------------------
     0 | D:1      | Flibulle the Spriggan Enchanter began the quest for the
                  | Orb.
     0 | D:1      | Reached XP level 1. HP: 9/9 MP: 5/5
    26 | D:1      | Found a faded altar of an unknown god.
   256 | D:1      | Reached XP level 2. HP: 13/13 MP: 6/6
   439 | D:1      | Learned a level 2 spell: Ensorcelled Hibernation
   852 | D:2      | Reached XP level 3. HP: 16/16 MP: 8/8
  1057 | D:2      | Reached skill level 5 in Stealth
  1566 | D:2      | Learned a level 3 spell: Confusing Touch
  1987 | D:3      | Reached XP level 4. HP: 16/21 MP: 9/9
  2027 | D:3      | Noticed Grinder
  2034 | D:3      | Paralysed by Grinder for 2 turns
  2038 | D:3      | HP: 1/21 [Grinder/nerve-wracking pain (1)]
  2057 | D:3      | Paralysed by Grinder for 3 turns
  2093 | D:3      | Slain by Grinder

Illustrated notes

Levels and vault maps discovered:
D:1:      dpeg_arrival_long_road, layout_rooms,
          chequers_ecumenical_altar_island, hex_tiny, minmay_crystal_water
D:2:      layout_basic
D:3:      minmay_octagon_keep, layout_loops_cross, tgw_xom,
          nicolae_figureground_sparkle, uniq_grinder

Skill      XL: |  1  2  3 |
---------------+----------+-----
Dodging        | 3 |  3.8
Short Blades   | 2 3 |  3.2
Stealth        | 5 |  5.4
Spellcasting   | |  2.6
Hexes          | |  3.6

Action                     |  1- 3 |  4- 6 || total
---------------------------+-------+-------++-------
  Melee: Dagger            |   145 |    46 ||   191
         Punch             |       |     1 ||     1
   Cast: Ensorcelled Hiber |    21 |     1 ||    22
         Confusing Touch   |     2 |     1 ||     3
    Use: Potion            |     3 |     1 ||     4
   Stab: Sleeping          |    20 |     2 ||    22
         Confused          |       |     1 ||     1
 Armour: Robe              |    11 |    11 ||    22
  Dodge: Dodged            |    87 |    19 ||   106
